 Dungeon Crawl Stone Soup version 0.26.1-11-gd32895ea62 (webtiles) character file.

Game seed: 17368006529246134139

119 Zeld the Sneak (level 5, 0/34 HPs)
             Began as an Octopode Brigand on May 18, 2021.
             Succumbed to an orc's poison
             ... on level 3 of the Dungeon.
             The game lasted 00:02:08 (1993 turns).

Zeld the Sneak (Octopode Brigand)                   Turns: 1993, Time: 00:02:08

Health: 0/34       AC:  1    Str: 11    XL:     5   Next: 3%
Magic:  8/8        EV: 13    Int: 14    God:
Gold:   124        SH:  0    Dex: 13    Spells: 8/8 levels left

rFire    . . .     SeeInvis .   a - +2 dagger
rCold    . . .     Faith    .   (no shield)
rNeg     . . .     Spirit   .   (helmet restricted)
rPois    .         Reflect  .   (no amulet)
rElec    .         Harm     .   (no ring)
rCorr    .         Rampage  .   (no ring)
Will     .....                  (no ring)
Stlth    ++++......             (no ring)
HPRegen  0.11/turn              (no ring)
MPRegen  0.11/turn              (no ring)
                                (no ring)
                                (no ring)

@: lethally poisoned (0 -> -9)
A: almost no armour, stealthy swim, amphibious, 8 rings, constrict 8, camouflage
1, gelatinous body 1
a: no special abilities


You were on level 3 of the Dungeon.
You visited 1 branch of the dungeon, and saw 3 of its levels.

You collected 124 gold pieces.

Inventory:

Hand Weapons
 a - a +2 dagger (weapon)
Missiles
 b - 8 poisoned darts (quivered)
 c - 2 curare-tipped darts
Wands
 k - a wand of digging (4)
Scrolls
 e - 2 scrolls of amnesia {unknown}
 g - 4 scrolls of random uselessness {unknown}
 h - 2 scrolls of identify {unknown}
 i - a scroll of magic mapping {unknown}
 l - a scroll of immolation {unknown}
 m - a scroll of noise {unknown}
Potions
 d - a potion of ambrosia {unknown}
 f - a potion of curing {unknown}
 j - a potion of haste {unknown}
 n - a potion of flight {unknown}


   Skills:
 - Level 2.0 Fighting
 * Level 4.2 Short Blades
 - Level 2.0 Throwing
 - Level 1.0 Dodging
 - Level 5.3 Stealth
 + Level 2.1 Spellcasting


You had 8 spell levels left.
You didn't know any spells.
Your spell library was empty.

Dungeon Overview and Level Annotations

Branches:
Dungeon (3/15)

Altars:


Innate Abilities, Weirdness & Mutations

You cannot wear most types of armour.
You are very stealthy in the water. (Stealth+)
You are amphibious.
You can wear up to eight rings at the same time.
You can use your tentacles to constrict eight enemies at once.
Your skin changes colour to match your surroundings (Stealth+).
Your rubbery body absorbs attacks. (AC +1, EV +1)


Message History

* * * LOW HITPOINT WARNING * * *
You feel sick.
* * * LOW HITPOINT WARNING * * *
You feel sick.
* * * LOW HITPOINT WARNING * * *
You feel sick.
* * * LOW HITPOINT WARNING * * *
You feel sick.
* * * LOW HITPOINT WARNING * * *
You feel sick.
* * * LOW HITPOINT WARNING * * *
You feel sick.
* * * LOW HITPOINT WARNING * * *
You feel sick.
Okay, then.
* * * LOW HITPOINT WARNING * * *
You feel sick.
* * * LOW HITPOINT WARNING * * *
You feel sick.
You die...

###.......# #
..........
..#.#####.........
.........<........
...............>).
..#.#####..###..#
#.######.###..#
#........†##..####
..........#..@...#
........†.#......#
.............o...#
.............o####
............o.#
##..........#.####
#...............#
..###........##.#
##........$# #


You could see 3 orcs.

Vanquished Creatures
  5 adders (D:2)
  2 worms (D:2)
  2 dart slugs (D:1)
  3 leopard geckos
  An orc (D:3)
  5 giant cockroaches
  3 goblins
  8 hobgoblins
  6 jackals
  4 kobolds
  A quokka (D:2)
  9 bats
  4 frilled lizards (D:2)
  5 rats
58 creatures vanquished.

Notes
Turn   | Place    | Note
-------+----------+-------------------------------------------
     0 | D:1      | Zeld the Octopode Brigand began the quest for the Orb.
     0 | D:1      | Reached XP level 1. HP: 14/14 MP: 1/1
   121 | D:1      | Reached XP level 2. HP: 19/19 MP: 2/2
   393 | D:1      | Reached skill level 1 in Spellcasting
   823 | D:1      | Reached XP level 3. HP: 24/24 MP: 4/4
  1262 | D:2      | Reached XP level 4. HP: 28/29 MP: 6/6
  1799 | D:3      | Noticed a sky beast
  1941 | D:3      | Reached XP level 5. HP: 31/34 MP: 8/8
  1992 | D:3      | HP: 1/34 [poisoned by an orc]
  1993 | D:3      | Succumbed to an orc's poison

Illustrated notes

Levels and vault maps discovered:
D:1:      minmay_arrival_wavy_path, layout_basic, st_stairs_4
D:2:      minmay_skewed_foursquare, layout_basic
D:3:      layout_basic, ebering_ghost_disaster_area

Skill      XL: |  1  2  3  4 |
---------------+-------------+-----
Spellcasting   | 1 2 |  2.1
Short Blades   | 3 4 |  4.2
Fighting       | |  2.0
Throwing       | |  2.0
Dodging        | |  1.0
Stealth        | |  5.3

Action                   |  1- 3 |  4- 6 || total
-------------------------+-------+-------++-------
Melee: Dagger            |    56 |    49 ||   105
       Tentacles         |    11 |    10 ||    21
       Constrict         |    14 |    12 ||    26
 Stab: Sleeping          |     8 |     6 ||    14
Armor: Skin              |     7 |     1 ||     8
Dodge: Dodged            |    35 |    21 ||    56
